 Seeded DCSS version 0.31-a0-1612-g4aaf141004 (webtiles) character file.

Game seed: 560841995258110699 (custom seed)

2 Esekla the Grave Robber (level 1, -13/14 HPs)
             Began as a Formicid Necromancer on Jan 9, 2024.
             Was an Initiate of Ashenzari.
             Mangled by a wyvern (17 damage)
             ... on level 7 of the Dungeon.
             The game lasted 00:04:20 (338 turns).

Esekla the Grave Robber (Formicid Necromancer)       Turns: 338, Time: 00:04:20

Health: -13/14     AC:  2    Str: 12    XL:     1   Next: 33%
Magic:  3/3        EV: 12    Int: 14    God:    Ashenzari [......]
Gold:   59         SH:  0    Dex: 14    Spells: 3/4 levels left

rFire   . . .        c - +0 long sword
rCold   . . .        (no shield)
rNeg    . . .        a - +0 robe
rPois   .            (helmet unavailable)
rElec   .            (no cloak)
rCorr   .            (no gloves)
SInv    +            (no boots)
Will    .....        (no amulet)
Stlth   ++           (no ring)
HPRegen 0.22/turn    (no ring)
MPRegen 0.08/turn

%: no passive effects
@: no status effects
A: permanent stasis, dig shafts and tunnels, antennae 3, four strong arms
a: Dig, Shaft Self, Renounce Religion


You were on level 7 of the Dungeon.
You worshipped Ashenzari.
Ashenzari was noncommittal.
You visited 2 branches of the dungeon, and saw 5 of its levels.

You collected 59 gold pieces.

Inventory:

Hand Weapons
 c - a +0 long sword (weapon)
 f - a +0 dagger
Armour
 a - a +0 robe (worn)
Potions
 b - a potion of magic


   Skills:
 * Level 0.7 Fighting
 + Level 1.7 Dodging
 + Level 2.4 Stealth
 * Level 2.1 Spellcasting
 + Level 4.0 Necromancy


You had 3 spell levels left.
You knew the following spells:

 Your Spells              Type           Power      Damage    Failure   Level
a - Necrotise             Necr           48%        1d6       4%          1

Your spell library contained the following spells:

 Spells                   Type           Power      Damage    Failure   Level
 Vampiric Draining        Necr           12%        2d6       14%         3
 Animate Dead             Necr           12%        N/A       41%         4
 Curse of Agony           Necr           12%        N/A       77%         5


Dungeon Overview and Level Annotations

Branches:
Dungeon (7/15)             Temple (1/1) D:7

Altars:
Ashenzari
Cheibriados
Elyvilon
Hepliaklqana
Kikubaaqudgha
Makhleb
Okawaru
Ru
Sif Muna
Trog
Uskayaw
Vehumet
Xom
Zin
The Shining One


Innate Abilities, Weirdness & Mutations

You cannot be hasted, slowed, berserked, paralysed or teleported.
You can dig through walls and to a lower floor.
You have a pair of large antennae on your head. (SInv)
Your four strong arms can wield two-handed weapons with a shield.


Message History

There is a stone staircase leading up here. 2 orcs come into view.
Found a stone staircase leading down.
An orc and an ogre come into view.
The ogre shouts!
The orc hits you with a +0 dagger.
There is a staircase to the Ecumenical Temple here.
The orc shouts! x2
The orc barely misses you. The wyvern bites you.
You climb downwards.
Welcome to the Ecumenical Temple!
Found a burning altar of Makhleb.
Found a staircase back to the Dungeon.
There is a staircase back to the Dungeon here.
You slash the orc!
You kill the orc!
Things that are here:
a +0 dagger; an orc corpse
f - a +0 dagger
Found a radiant altar of Vehumet and a sacrificial altar of Ru.
Found a glowing golden altar of the Shining One.
Found a hazy altar of Hepliaklqana.
Found a glowing silver altar of Zin and a snail-covered altar of Cheibriados.
Found a hide-covered altar of Uskayaw.
Found a broken altar of Ashenzari.
Found an iron altar of Okawaru.
There is a broken altar of Ashenzari here.
You kneel at the altar of Ashenzari.
Ashenzari welcomes you!
Ashenzari warns you of distant threats and treasures.
Ashenzari shows you where magical portals lie.
Okay, then.
Okay, then.
There is a staircase back to the Dungeon here.
It was a potion of curing.
You feel better.
You climb upwards.
Welcome back to the Dungeon!
The wyvern bites you. x2
* * * LOW HITPOINT WARNING * * *
There is a staircase to the Ecumenical Temple, spattered with blood here.
As you read the scroll labelled INGEPH DEDUAFE, it crumbles to dust.
You hear a loud clanging noise!
It was a scroll of noise.
The wyvern bites you!
Ouch! That really hurt!
You die...

#.#.##.# ##.....
##.#.##.### #......#
..........###......#
...#...............#
.....#######.......#
....#### ##.......####
.......# #>..........#
........# #..oPoP...#
........... #..O@.....#
..........# #....k....#
........... ##...P....#
............#.........#
......................##
........#..#...........#
.................#.<...#
.......................#
.......>.#.............#


You could see a wyvern, an ogre and 2 orcs.

Vanquished Creatures
  An orc (Temple)
1 creature vanquished.

Notes
Turn   | Place    | Note
-------+----------+-------------------------------------------
     0 | D:1      | Esekla the Formicid Necromancer began the quest for the
                  | Orb.
     0 | D:1      | Reached XP level 1. HP: 13/13 MP: 3/3
     3 | D:1      | You fall into a shaft and drop 1 floor!
     6 | D:2      | You fall into a shaft and drop 2 floors!
     9 | D:4      | You fall into a shaft and drop 3 floors!
    85 | D:7      | Noticed a wyvern
   138 | D:7      | Noticed an orc priest
   294 | D:7      | Found a staircase to the Ecumenical Temple.
   298 | D:7      | Noticed an ogre
   303 | Temple   | Entered the Ecumenical Temple
   320 | Temple   | Became a worshipper of Ashenzari the Shackled
   338 | D:7      | Mangled by a wyvern

Illustrated notes

Levels and vault maps discovered:
D:1:      ncdulo_smallfort, layout_loops_cross
D:2:      layout_loops_cross, ebering_ecumenical_altar_sacrificial
D:4:      layout_loops_ring
D:7:      layout_rooms, minmay_temple_entry_overgrown
Temple:   eino_wide_crystal_templ

Action                     || total
---------------------------++-------
  Melee: Long sword        ||     1
Ability: Shaft Self        ||     3
    Use: Scroll            ||     1
         Potion            ||     1
 Armour: Robe              ||     5
  Dodge: Dodged            ||     1

Table legend: (Time is in decaauts)
 A = Elapsed time spent in this place.
 B = Non-inter-level travel time spent in this place.
 C = Inter-level travel time spent in this place.
 D = Time resting spent in this place.
 E = Time spent auto-exploring this place.
 F = Levels seen in this place.
 G = Mean time per level.
                   A        B        C        D        E       F      G
               +--------+--------+--------+--------+--------+-----+--------+
         Total |    337 |    337 |      0 |      0 |      0 |   5 |   67.4 |
       Dungeon |    302 |    302 |      0 |      0 |      0 |   4 |   75.5 |
        Temple |     34 |     34 |      0 |      0 |      0 |   1 |   34.0 |
               +--------+--------+--------+--------+--------+-----+--------+

Top non-repeatable levels by time:
     D:7: 294 daAuts
  Temple: 34 daAuts
     D:1: 3 daAuts
     D:4: 2 daAuts
     D:2: 2 daAuts
